SL
MONTANA PANDAS @ DETROIT ELITE
04/25/2056
 
TOP OF THE 1ST
Montana Pandas batting - Pitching for Detroit Elite : RHP Carlos Sandoval
Pitching: RHP Carlos Sandoval
Batting: SHB Mike Phillips 0-0: Foul Ball, location: 2F
0-1: Foul Ball, location: 2F
0-2: Strikes out swinging
Batting: LHB Norbert King 0-0: Ball
1-0: Ball
2-0: Foul Ball, location: 2F
2-1: Ball
3-1: Ground out 5-3 (Groundball, 56, EV 83.8 MPH)
Batting: LHB Alexander Karshev 0-0: Called Strike
0-1: Ball
1-1: Called Strike
1-2: Strikes out swinging
Top of the 1st over - 0 runs, 0 hits, 0 errors, 0 left on base; Montana 0 - Detroit 0
BOTTOM OF THE 1ST
Detroit Elite batting - Pitching for Montana Pandas : LHP Marty Taylor
Pitching: LHP Marty Taylor
Batting: LHB Victor Fleming 0-0: Called Strike
0-1: Ball
1-1: Foul Ball, location: 2F
1-2: Ball
2-2: Ball
3-2: Foul Ball, location: 2F
3-2: DOUBLE (Groundball, 3L, EV 103.8 MPH)
Batting: RHB Larry Cook 0-0: Called Strike
0-1: Ball
1-1: Fly out, F9 (Flyball, 9LS, EV 83.8 MPH)
Batting: RHB Maikel de Braber 0-0: Fly out, F7 (Flyball, 7, EV 91.9 MPH)
Runner from 2nd tags up, SAFE at 3rd with throw by LF
Batting: RHB Terumoto Kondo 0-0: Ball
1-0: Foul Ball, location: 2F
1-1: Ball
2-1: Swinging Strike
2-2: Foul Ball, location: 2F
2-2: Ball
3-2: Strikes out swinging
Bottom of the 1st over - 0 runs, 1 hit, 0 errors, 1 left on base; Montana 0 - Detroit 0
TOP OF THE 2ND
Montana Pandas batting - Pitching for Detroit Elite : RHP Carlos Sandoval
Batting: RHB Bernardo Beltrán 0-0: DOUBLE (Line Drive, 89XD, EV 109.4 MPH)
Batting: RHB Ignacio Páez 0-0: Called Strike
0-1: Swinging Strike
0-2: Strikes out swinging
Batting: SHB José Santos 0-0: Called Strike
0-1: Called Strike
0-2: Strikes out swinging
Batting: LHB Antoine Mercier 0-0: Ball
1-0: Ball
2-0: Ball
3-0: Base on Balls
Batting: RHB Calvin Myrick 0-0: Ball
1-0: Fly out, F6 (Popup, 6MD, EV 75.0 MPH)
Top of the 2nd over - 0 runs, 1 hit, 0 errors, 2 left on base; Montana 0 - Detroit 0
BOTTOM OF THE 2ND
Detroit Elite batting - Pitching for Montana Pandas : LHP Marty Taylor
Batting: SHB Bai-luo Kao 0-0: Ground out 4-3 (Groundball, 4, EV 83.8 MPH)
Batting: RHB Rob Robinson 0-0: Ball
1-0: Ball
2-0: Called Strike
2-1: Foul Ball, location: 2F
2-2: Foul Ball, location: 2F
2-2: Strikes out looking
Batting: RHB Ivano Pohvisnev 0-0: Called Strike
0-1: Ball
1-1: Ground out 6-3 (Groundball, 6, EV 85.0 MPH)
Bottom of the 2nd over - 0 runs, 0 hits, 0 errors, 0 left on base; Montana 0 - Detroit 0
TOP OF THE 3RD
Montana Pandas batting - Pitching for Detroit Elite : RHP Carlos Sandoval
Batting: RHB Luis Ibáñez 0-0: Called Strike
0-1: Foul Ball, location: 2F
0-2: Ball
1-2: Ball
2-2: Strikes out swinging
Batting: SHB Mike Phillips 0-0: Called Strike
0-1: Swinging Strike
0-2: Foul Ball, location: 2F
0-2: Ball
1-2: Strikes out swinging
Batting: LHB Norbert King 0-0: Ball
1-0: Called Strike
1-1: Called Strike
1-2: Ball
2-2: Fly out, F4 (Line Drive, 4, EV 70.6 MPH)
Top of the 3rd over - 0 runs, 0 hits, 0 errors, 0 left on base; Montana 0 - Detroit 0
BOTTOM OF THE 3RD
Detroit Elite batting - Pitching for Montana Pandas : LHP Marty Taylor
Batting: RHB Dale Gribble 0-0: Swinging Strike
0-1: Ball
1-1: Ground out U3 (Groundball, 3, EV 83.1 MPH)
Batting: SHB Tosya Mndoyants 0-0: Called Strike
0-1: Ball
1-1: Ball
2-1: Foul Ball, location: 2F
2-2: Ground out 5-3 (Groundball, 5S, EV 71.9 MPH)
Batting: LHB Victor Fleming 0-0: Ball
1-0: Foul Ball, location: 2F
1-1: Foul Ball, location: 2F
1-2: Ground out U3 (Groundball, 3, EV 108.8 MPH)
Bottom of the 3rd over - 0 runs, 0 hits, 0 errors, 0 left on base; Montana 0 - Detroit 0
TOP OF THE 4TH
Montana Pandas batting - Pitching for Detroit Elite : RHP Carlos Sandoval
Pitching: RHP Victor Brown
Batting: LHB Alexander Karshev 0-0: Ball
1-0: Swinging Strike
1-1: Called Strike
1-2: Strikes out swinging
Batting: RHB Bernardo Beltrán 0-0: Ball
1-0: Foul Ball, location: 2F
1-1: Foul Ball, location: 2F
1-2: Strikes out swinging
Batting: RHB Ignacio Páez 0-0: Ball
1-0: Ball
2-0: Foul Ball, location: 2F
2-1: Foul Ball, location: 2F
2-2: Foul Ball, location: 2F
2-2: Foul Ball, location: 2F
2-2: Ground out 6-3 (Groundball, 6, EV 101.9 MPH)
Top of the 4th over - 0 runs, 0 hits, 0 errors, 0 left on base; Montana 0 - Detroit 0
BOTTOM OF THE 4TH
Detroit Elite batting - Pitching for Montana Pandas : LHP Marty Taylor
Batting: RHB Larry Cook 0-0: Called Strike
0-1: Ball
1-1: Ball
2-1: Swinging Strike
2-2: Foul Ball, location: 2F
2-2: Strikes out swinging
Batting: RHB Maikel de Braber 0-0: Ball
1-0: Ball
2-0: Ball
3-0: SOLO HOME RUN (Flyball, 7D, EV 95.6 MPH), Distance : 384 ft
Batting: RHB Terumoto Kondo 0-0: Ball
1-0: Ball
2-0: Foul Ball, location: 2F
2-1: Ball
3-1: Base on Balls
Batting: SHB Bai-luo Kao 0-0: Ball
1-0: Swinging Strike
1-1: Swinging Strike
1-2: Strikes out swinging
Batting: RHB Rob Robinson 0-0: Called Strike
0-1: Ball
1-1: Foul Ball, location: 2F
1-2: Ball
2-2: Strikes out swinging
Bottom of the 4th over - 1 run, 1 hit, 0 errors, 1 left on base; Montana 0 - Detroit 1
TOP OF THE 5TH
Montana Pandas batting - Pitching for Detroit Elite : RHP Victor Brown
Pitching: LHP Carroll Kelly
Batting: SHB José Santos 0-0: Swinging Strike
0-1: Ball
1-1: Ball
2-1: Ball
3-1: Base on Balls
Batting: LHB Antoine Mercier 0-0: Ball
1-0: Called Strike
1-1: Foul Ball, location: 2F
1-2: Strikes out swinging
Batting: RHB Calvin Myrick 0-0: Called Strike
0-1: Ball
1-1: Called Strike
1-2: Foul Ball, location: 2F
1-2: Foul Ball, location: 2F
1-2: Strikes out swinging
Batting: RHB Luis Ibáñez 0-0: Called Strike
0-1: Ball
1-1: Ball
2-1: Fly out, F9 (Flyball, 9D, EV 97.5 MPH)
Top of the 5th over - 0 runs, 0 hits, 0 errors, 1 left on base; Montana 0 - Detroit 1
BOTTOM OF THE 5TH
Detroit Elite batting - Pitching for Montana Pandas : LHP Marty Taylor
Pitching: RHP Alonso Álvarez
Now in LF: Allen Dowiyogo
Batting: RHB Ivano Pohvisnev 0-0: Ball
1-0: Ball
2-0: Fly out, F8 (Flyball, 8LD, EV 79.4 MPH)
Batting: RHB Dale Gribble 0-0: Ground out 5-3 (Groundball, 5, EV 101.2 MPH)
Batting: SHB Tosya Mndoyants 0-0: Foul Ball, location: 2F
0-1: Swinging Strike
0-2: Foul Ball, location: 2F
0-2: Strikes out swinging
Bottom of the 5th over - 0 runs, 0 hits, 0 errors, 0 left on base; Montana 0 - Detroit 1
TOP OF THE 6TH
Montana Pandas batting - Pitching for Detroit Elite : LHP Carroll Kelly
Pitching: RHP Todd Montgomery
Pinch Hitting: SHB Orlando Sáenz 0-0: Foul Ball, location: 2F
0-1: Foul Ball, location: 2F
0-2: Ball
1-2: Ball
2-2: Strikes out swinging
Pinch Hitting: LHB Clarence Hogan 0-0: Called Strike
0-1: Ground out 4-3 (Groundball, 4, EV 77.5 MPH)
Batting: LHB Allen Dowiyogo 0-0: Called Strike
0-1: Called Strike
0-2: Ball
1-2: Ball
2-2: Strikes out swinging
Top of the 6th over - 0 runs, 0 hits, 0 errors, 0 left on base; Montana 0 - Detroit 1
BOTTOM OF THE 6TH
Detroit Elite batting - Pitching for Montana Pandas : RHP Alonso Álvarez
Pitching: RHP Richard Kinmont
Now in LF: Orlando Sáenz
Now in CF: Allen Dowiyogo
Now in RF: Clarence Hogan
Pinch Hitting: LHB Ron Pollard 0-0: Foul Ball, location: 2F
0-1: Swinging Strike
0-2: Foul Ball, location: 2F
0-2: Strikes out swinging
Batting: RHB Larry Cook 0-0: Called Strike
0-1: Ball
1-1: Fly out, F7 (Flyball, 7, EV 91.2 MPH)
Batting: RHB Maikel de Braber 0-0: Ball
1-0: Foul Ball, location: 2F
1-1: Foul Ball, location: 2F
1-2: SINGLE (Line Drive, 6M, EV 111.2 MPH)
Pinch Hitting: RHB Jake White 0-0: Ball
1-0: Foul Ball, location: 2F
1-1: SINGLE (Groundball, 4MD, EV 106.9 MPH)
Maikel de Braber to second
Batting: SHB Bai-luo Kao 0-0: Called Strike
0-1: Ball
1-1: Ball
2-1: Swinging Strike
2-2: Strikes out swinging
Bottom of the 6th over - 0 runs, 2 hits, 0 errors, 2 left on base; Montana 0 - Detroit 1
TOP OF THE 7TH
Montana Pandas batting - Pitching for Detroit Elite : RHP Todd Montgomery
Now at 2B: Tosya Mndoyants
Now at 3B: Jake White
Now in CF: Ron Pollard
Batting: LHB Étienne Jobe 0-0: Ball
1-0: Fly out, F1 (Line Drive, P, EV 62.5 MPH)
Batting: RHB Ignacio Páez 0-0: Called Strike
0-1: Called Strike
0-2: Ball
1-2: Ball
2-2: Ground out 6-3 (Groundball, 6, EV 109.4 MPH)
Batting: SHB José Santos 0-0: Called Strike
0-1: Ball
1-1: Ball
2-1: Called Strike
2-2: Strikes out swinging
Top of the 7th over - 0 runs, 0 hits, 0 errors, 0 left on base; Montana 0 - Detroit 1
BOTTOM OF THE 7TH
Detroit Elite batting - Pitching for Montana Pandas : RHP Richard Kinmont
Batting: RHB Rob Robinson 0-0: Ball
1-0: Fly out, F6 (Line Drive, 6, EV 70.6 MPH)
Batting: RHB Ivano Pohvisnev 0-0: Swinging Strike
0-1: Ball
1-1: Swinging Strike
1-2: Strikes out swinging
Batting: RHB Dale Gribble 0-0: DOUBLE (Line Drive, 89XD, EV 112.5 MPH)
Batting: SHB Tosya Mndoyants 0-0: Ball
1-0: Ball
2-0: Ball
3-0: Called Strike
3-1: Base on Balls
Pitching: RHP Dan Cook
Batting: LHB Ron Pollard 0-0: Called Strike
0-1: Ball
1-1: Swinging Strike
1-2: Foul Ball, location: 2F
1-2: Ball
2-2: Strikes out swinging
Bottom of the 7th over - 0 runs, 1 hit, 0 errors, 2 left on base; Montana 0 - Detroit 1
TOP OF THE 8TH
Montana Pandas batting - Pitching for Detroit Elite : RHP Todd Montgomery
Pitching: LHP Jim Hicks
Pinch Hitting: RHB Dong-soo Yi 0-0: SINGLE (Line Drive, 4M, EV 98.8 MPH)
Pinch Hitting: RHB Ramón Gabriel 0-0: Fly out, F9 (Flyball, 9S, EV 81.2 MPH)
Batting: RHB Luis Ibáñez 0-0: Called Strike
0-1: Ball
1-1: Ball
2-1: Foul Ball, location: 2F
2-2: Ball
3-2: Grounds into double play, 6-4-3 (Groundball, 6, EV 81.9 MPH)
Top of the 8th over - 0 runs, 1 hit, 0 errors, 0 left on base; Montana 0 - Detroit 1
BOTTOM OF THE 8TH
Detroit Elite batting - Pitching for Montana Pandas : RHP Dan Cook
Pitching: RHP Don Williams
Now at 1B: Dong-soo Yi
Now at SS: Ramón Gabriel
Batting: RHB Larry Cook 0-0: Swinging Strike
0-1: Called Strike
0-2: Ball
1-2: Strikes out swinging, 2-3 out at first.
Batting: RHB Maikel de Braber 0-0: Fly out, F9 (Flyball, 9, EV 79.4 MPH)
Batting: RHB Jake White 0-0: Called Strike
0-1: Ball
1-1: Ball
2-1: SOLO HOME RUN (Flyball, 7D, EV 95.6 MPH), Distance : 375 ft
Batting: SHB Bai-luo Kao 0-0: Ball
1-0: Ground out 4-3 (Groundball, 4, EV 82.5 MPH)
Bottom of the 8th over - 1 run, 1 hit, 0 errors, 0 left on base; Montana 0 - Detroit 2
TOP OF THE 9TH
Montana Pandas batting - Pitching for Detroit Elite : LHP Jim Hicks
Pitching: RHP Gene Greene
Batting: SHB Orlando Sáenz 0-0: Foul Ball, location: 2F
0-1: Ball
1-1: Ground out 1-3 (Groundball, P, EV 62.5 MPH)
Batting: LHB Clarence Hogan 0-0: Called Strike
0-1: Ball
1-1: Ground out 1-3 (Groundball, 13S, EV 70.0 MPH)
Batting: LHB Allen Dowiyogo 0-0: Ball
1-0: Swinging Strike
1-1: Swinging Strike
1-2: Ball
2-2: Ball
3-2: SINGLE (Groundball, 34S, EV 63.8 MPH) (infield hit)
Batting: LHB Étienne Jobe 0-0: Swinging Strike
0-1: Ball
1-1: Ball
2-1: Called Strike
2-2: Strikes out swinging
Top of the 9th over - 0 runs, 1 hit, 0 errors, 1 left on base; Montana 0 - Detroit 2
Tuesday, October 15th , 2024 - OOTP Baseball 25.9 Build 91